 Dungeon Crawl Stone Soup version 0.23.2-1-ga50397a (webtiles) character file.

Game seed: 17631662537363466963

59010 myga the Whirler (level 15, -5/109 HPs)
             Began as a Halfling Hunter on May 11, 2019.
             Was a High Priest of Okawaru.
             Splashed by an acid blob's acid (18 damage)
             ... on level 1 of the Pits of Slime.
             The game lasted 02:00:09 (20961 turns).

myga the Whirler (Halfling Hunter)                 Turns: 20961, Time: 02:00:10

Health: -5/109     AC: 11    Str: 31    XL:     15   Next: 32%
Magic:  0/18       EV: 16    Int:  9    God:    Okawaru [*****.]
Gold:   1052       SH: 11    Dex: 19    Spells: 14/14 levels left

rFire    . . .     SeeInvis .   T - +1 hunting sling "Opiank" {freeze, *Drain rPois MR+ Str+6}
rCold    . . .     Gourm    .   j - +0 buckler {reflect}
rNeg     . . .     Faith    .   W - +1 plate armour
rPois    +         Spirit   +   d - +0 helmet
rElec    +         Reflect  +   a - scarf {Spirit}
rCorr    .         Harm     .   D - +0 pair of gloves of Fashionability {*Drain rElec rPois Regen+}
MR       ++...                  l - +0 pair of boots
Stlth    ..........             N - +3 amulet of reflection
HPRegen  0.68/turn              m - +2 ring of evasion
MPRegen  0.16/turn              Q - +4 ring of strength

@: mighty, corroded, very slightly contaminated, drained
A: small, mutation resistance 1
a: Heroism, Finesse, Renounce Religion


You were on level 1 of the Pits of Slime.
You worshipped Okawaru.
Okawaru was extremely pleased with you.
You were not hungry.

You visited 4 branches of the dungeon, and saw 18 of its levels.

You collected 1202 gold pieces.
You spent 150 gold pieces at shops.

Inventory:

Hand Weapons
 F - the +4 hunting sling of Fear {freeze, rElec Str+3}
   (Okawaru gifted it to you on level 5 of the Lair of Beasts)

   It causes projectiles fired from it to freeze those they strike, causing
   extra injury to most foes and up to half again as much damage against
   particularly susceptible opponents.
   They can also slow down cold-blooded creatures.
   It affects your strength (+3).
   It insulates you from electricity.
 J - a +1 fustibalus of flaming
 T - the +1 hunting sling "Opiank" (weapon) {freeze, *Drain rPois MR+ Str+6}
   (Okawaru gifted it to you on level 6 of the Lair of Beasts)

   It causes projectiles fired from it to freeze those they strike, causing
   extra injury to most foes and up to half again as much damage against
   particularly susceptible opponents.
   They can also slow down cold-blooded creatures.
   It affects your strength (+6).
   It protects you from poison.
   It affects your resistance to hostile enchantments.
   It causes draining when unequipped.
Missiles
 i - 458 stones
 u - 107 sling bullets (quivered)
 y - 11 tomahawks
 z - 5 poisoned tomahawks
 B - 3 throwing nets
Armour
 a - a scarf of spirit shield (worn)
 d - a +0 helmet (worn)
 j - a +0 buckler of reflection (worn)
 l - a +0 pair of boots (worn)
 D - the +0 pair of gloves of Fashionability (worn) {*Drain rElec rPois Regen+}
   (You acquired it on level 6 of the Lair of Beasts)

   It insulates you from electricity.
   It protects you from poison.
   It increases your rate of regeneration.
   It causes draining when unequipped.
 W - a +1 plate armour (worn)
Jewellery
 m - a +2 ring of evasion (left hand)
 N - a +3 amulet of reflection (around neck)
 Q - a +4 ring of strength (right hand)
Wands
 b - a wand of disintegration (19)
 r - a wand of polymorph (26)
 G - a wand of flame (20)
 H - a wand of iceblast (25)
 M - a wand of paralysis (5)
 U - a wand of enslavement (18)
Scrolls
 e - 3 scrolls of magic mapping
 k - 5 scrolls of remove curse
 o - 4 scrolls of fog
 q - 10 scrolls of teleportation
 w - 2 scrolls of fear
 K - 2 scrolls of enchant armour
 O - 2 scrolls of enchant weapon
 P - 2 scrolls of torment
Potions
 c - 4 potions of curing
 p - a potion of agility
 t - 3 potions of brilliance
 v - a potion of haste
 x - 4 potions of flight
 A - 2 potions of magic
 E - 2 potions of resistance
 I - 4 potions of lignification
 L - a potion of cancellation
 S - a potion of mutation
 Z - a potion of invisibility
Miscellaneous
 R - a box of beasts
 X - a lamp of fire
 Y - a sack of spiders
Comestibles
 f - 39 rations
 V - 2 chunks of flesh


   Skills:
 + Level 12.7(11.4) Fighting
   Level 2.3(1.3) Maces & Flails
 + Level 20.1(18.6) Slings
 + Level 1.2(8.9) Throwing
 + Level 11.1(9.8) Armour
 + Level 5.9(4.8) Dodging
 + Level 4.5(3.5) Stealth
 + Level 9.9(8.7) Shields
 + Level 5.2(4.1) Invocations


You had 14 spell levels left.
You didn't know any spells.
Your spell library contained the following spells:

 Spells                   Type           Power        Failure   Level  Hunger
 Corona                   Hex            #......      95%         1    ##.....
 Freeze                   Ice            #...         95%         1    ##.....
 Infusion                 Chrm           #...         95%         1    ##.....
 Magic Dart               Conj           #...         95%         1    ##.....
 Sting                    Conj/Pois      #...         95%         1    ##.....
 Ensorcelled Hibernation  Hex/Ice        #.....       99%         2    ###....
 Searing Ray              Conj           #.....       99%         2    ###....
 Shroud of Golubria       Chrm/Tloc      #.........   99%         2    ###....
 Slow                     Hex            #.......     99%         2    ###....
 Song of Slaying          Chrm           #.......     99%         2    ###....
 Throw Frost              Conj/Ice       #.....       99%         2    ###....
 Dazzling Spray           Conj/Hex       #.....       100%        3    ####...
 Inner Flame              Hex/Fire       #.......     100%        3    ####...
 Ozocubu's Armour         Chrm/Ice       #.......     100%        3    ####...
 Portal Projectile        Hex/Tloc       #.....       100%        3    ####...
 Regeneration             Chrm/Necr      #.........   100%        3    ####...
 Spectral Weapon          Hex/Chrm       #.......     100%        3    ####...
 Cause Fear               Hex            #.........   100%        4    #####..
 Force Lance              Conj/Tloc      #.......     100%        4    #####..
 Fulminant Prism          Conj/Hex       #.........   100%        4    #####..
 Iskenderun's Mystic Bla  Conj           #.......     100%        4    #####..
 Leda's Liquefaction      Hex/Erth       #.........   100%        4    #####..
 Summon Ice Beast         Ice/Summ       #.......     100%        4    #####..
 Throw Icicle             Conj/Ice       #.......     100%        4    #####..
 Irradiate                Conj/Tmut      #.........   100%        5    ######.
 Silence                  Hex/Air        #.........   100%        5    ######.
 Hydra Form               Tmut           #.........   100%        6    #######
 Statue Form              Tmut/Erth      #........    100%        6    #######
 Dragon Form              Tmut           #.........   100%        7    #######


Dungeon Overview and Level Annotations

Branches:
Dungeon (10/15)            Temple (1/1) D:4            Lair (6/6) D:9
  Swamp (0/4) Lair:2        Snake (0/4) Lair:3        Slime (1/5) Lair:5
    Orc: D:9-12

Altars:
Cheibriados
Dithmenos
Elyvilon
Fedhas
Gozag
Hepliaklqana
Kikubaaqudgha
Makhleb
Nemelex Xobeh
Okawaru
Qazlal
Ru
Sif Muna
Trog
Uskayaw
Vehumet
Wu Jian
Xom
Yredelemnul
Zin
The Shining One
Lugonu

Shops:
D:4 [   D:9 =

Annotations:
D:8 1 runed translucent door, Aske's ghost, novice MiMo


Innate Abilities, Weirdness & Mutations

You are small and have problems with some larger weapons.
You are somewhat resistant to further mutation.


Message History

You shoot a sling bullet. The sling bullet hits the acid blob!
The sling bullet freezes the acid blob.
The acid blob is heavily wounded.
The acid blob spits acid at you. The splash of acid hits you!
You are splashed with acid!
Okay, then.
Okay, then.
As you read the scroll of fog, it crumbles to dust.
The scroll dissolves into smoke.
You flicker back into view.
The acid blob spits acid at you.
The splash of acid hits you but does no damage.
You are splashed with acid!
* * * LOW HITPOINT WARNING * * *
The great orb of eyes completely misses you.
The acid blob spits acid at you. The splash of acid hits you!
* * * LOW HITPOINT WARNING * * *
You are splashed with acid!!
You die...

#....##.##
##........####
.............##
..............# ##
..............##.#
......§.§.#.......
......§§§........
......§@§§.....##
......§G§§§.....##
......§§§J§......#
......§§§§(.#....#
#..........(.....#
#^.........(......
..........<.(G....
##................
##.#.............


You could see an acid blob and a great orb of eyes.

Vanquished Creatures
  Rupert (Lair:6)
  Gastronok (D:8)
  The ghost of slayr the Fencer, a journeyman MiBe of Trog (Lair:1)
  Harold (D:7)
  6 hydras
  A two-headed ogre (D:8)
  4 death yaks
  A catoblepas (Lair:6)
  Sonja (Lair:6)
  A lindwurm (Lair:5)
  Pikel (D:7)
  2 oklob plants (Lair:2)
  11 elephants
  A guardian serpent (Lair:3)
  11 black mambas
  Psyche (D:8)
  15 spiny frogs
  3 rime drakes
  5 komodo dragons
  2 trolls
  A queen bee (D:9)
  5 polar bears (Lair:6)
  6 hornets
  The ghost of grocchini the Cudgeler, an amateur DsGl (D:4)
  Prince Ribbit (D:8)
  17 blink frogs
  12 hippogriffs
  Sigmund (D:4)
  A vampire (D:10)
  A wyvern (Lair:5)
  22 yaks
  A basilisk (Lair:3)
  17 spriggans
  A soldier ant (D:10)
  21 water moccasins
  7 porcupines
  2 ice beasts
  A sky beast (D:9)
  An eye of draining (D:10)
  An orc warrior (D:8)
  A phantom (D:10)
  6 black bears
  37 wolves
  4 ogres
  5 boggarts (Lair:6)
  6 centaurs
  18 crocodiles
  A big kobold (D:10)
  12 bullfrogs
  A gnoll sergeant (D:9)
  A water moccasin skeleton (D:8)
  5 scorpions
  21 killer bees
  12 electric eels
  A bullfrog zombie (D:8)
  A centaur zombie (D:5)
  6 crimson imps
  7 howler monkeys
  14 jellies
  2 centaur skeletons
  2 bullfrog skeletons
  8 orc priests
  10 hounds
  5 iguanas
  Ijyb (D:5)
  11 orc wizards
  4 worker ants
  3 hound zombies
  Robin (D:4)
  A worker ant zombie (D:10)
  5 gnolls (D:9)
  A howler monkey skeleton (D:7)
  13 adders
  A shadow imp (D:6)
  3 adder zombies
  3 worms
  3 dart slugs
  8 leopard geckos
  43 orcs
  7 bats (D:2)
  3 giant cockroaches
  12 goblins
  9 hobgoblins
  10 jackals
  5 quokkas
  6 frilled lizards
  A giant cockroach zombie (D:4)
  16 kobolds
  A quokka skeleton (D:4)
  12 rats
  2 fungi
  A plant (Lair:6)
562 creatures vanquished.

Vanquished Creatures (others)
  2 slaves (D:7)
  A black bear (D:7)
  2 centaurs (D:7)
  A hound (D:7)
  An adder (D:7)
  2 orcs
  A jackal (D:7)
  10 fungi
  11 plants
31 creatures vanquished.

Grand Total: 593 creatures vanquished

Notes
Turn   | Place    | Note
-------+----------+-------------------------------------------
     0 | D:1      | myga the Halfling Hunter began the quest for the Orb.
     0 | D:1      | Reached XP level 1. HP: 14/14 MP: 1/1
    50 | D:1      | Reached skill level 6 in Slings
   185 | D:1      | Reached XP level 2. HP: 19/19 MP: 2/2
   322 | D:1      | Reached XP level 3. HP: 23/24 MP: 3/3
   877 | D:2      | Reached skill level 7 in Slings
   933 | D:2      | Found a hazy altar of Hepliaklqana.
  1027 | D:2      | Reached XP level 4. HP: 25/29 MP: 4/4
  1889 | D:3      | Reached skill level 8 in Slings
  1988 | D:3      | Found a sacrificial altar of Ru.
  2027 | D:3      | Found a white marble altar of Elyvilon.
  2239 | D:3      | Found a shadowy altar of Dithmenos.
  2239 | D:3      | Found a deep blue altar of Sif Muna.
  2260 | D:3      | Found a glowing golden altar of the Shining One.
  2491 | D:4      | Reached XP level 5. HP: 34/34 MP: 5/5
  2494 | D:4      | Reached skill level 1 in Armour
  2501 | D:4      | Found a transporter.
  2569 | D:4      | Reached skill level 9 in Slings
  2569 | D:4      | Reached XP level 6. HP: 21/40 MP: 6/6
  2841 | D:4      | Found a staircase to the Ecumenical Temple.
  2861 | Temple   | Entered the Ecumenical Temple
  2923 | Temple   | Became a worshipper of Warmaster Okawaru
  2953 | D:4      | Identified the +1 ring mail of Byfatz {rElec Regen+ Int-5}
  2989 | D:4      | Noticed an ogre
  2994 | D:4      | Noticed Robin
  2998 | D:4      | Noticed an ogre
  3010 | D:4      | Killed an ogre
  3028 | D:4      | Reached XP level 7. HP: 15/45 MP: 7/7
  3255 | Temple   | Reached * piety under Okawaru
  3255 | Temple   | Reached skill level 10 in Slings
  3321 | D:4      | Killed Robin
  3388 | D:4      | Found Keiqucem's Antique Armour Shop.
  3439 | D:4      | Bought a pair of glowing gloves for 150 gold pieces
  3593 | D:4      | Noticed Sigmund
  3603 | D:4      | Killed Sigmund
  3633 | D:4      | Found a basalt altar of Yredelemnul.
  3707 | D:4      | Found a transporter.
  3708 | D:4      | Noticed grocchini's ghost (amateur DsGl)
  3736 | D:4      | Reached ** piety under Okawaru
  3736 | D:4      | Reached skill level 1 in Maces & Flails
  3736 | D:4      | Reached skill level 1 in Shields
  3736 | D:4      | Reached XP level 8. HP: 52/52 MP: 8/8
  3799 | D:4      | Found a burning altar of Makhleb.
  3975 | D:4      | Reached skill level 11 in Slings
  3987 | D:4      | Killed grocchini's ghost
  4049 | D:5      | Entered Level 5 of the Dungeon
  4049 | D:5      | Noticed Ijyb
  4064 | D:5      | Killed Ijyb
  4176 | D:5      | Found a radiant altar of Vehumet.
  4309 | D:5      | Reached skill level 12 in Slings
  4469 | D:5      | Found a bloodstained altar of Trog.
  4642 | D:5      | Found a snail-covered altar of Cheibriados.
  4711 | D:5      | Found an ornate altar of the Wu Jian Council.
  5093 | D:6      | Reached XP level 9. HP: 58/58 MP: 9/9
  5197 | D:6      | Found a sparkling altar of Nemelex Xobeh.
  5337 | D:6      | Reached skill level 13 in Slings
  5355 | D:6      | Reached *** piety under Okawaru
  6763 | D:7      | Found a stormy altar of Qazlal.
  6814 | D:7      | Reached skill level 5 in Fighting
  6879 | D:7      | Found a shimmering altar of Xom.
  7002 | D:7      | Noticed Harold
  7026 | D:7      | Killed Harold
  7026 | D:7      | Reached **** piety under Okawaru
  7026 | D:7      | Received a gift from Okawaru
  7026 | D:7      | Reached skill level 1 in Invocations
  7026 | D:7      | Reached XP level 10. HP: 41/68 MP: 6/10
  7053 | D:7      | Reached skill level 14 in Slings
  7065 | D:7      | Noticed Pikel
  7081 | D:7      | Killed Pikel
  7081 | D:7      | Reached skill level 5 in Armour
  7082 | D:7      | Received a gift from Okawaru
  8245 | D:8      | Noticed Psyche
  8251 | D:8      | Killed Psyche
  8292 | D:8      | Noticed a two-headed ogre
  8301 | D:8      | Killed a two-headed ogre
  8301 | D:8      | Reached skill level 15 in Slings
  8448 | D:8      | Noticed Gastronok
  8471 | D:8      | Killed Gastronok
  8471 | D:8      | Received a gift from Okawaru
  8471 | D:8      | Reached XP level 11. HP: 77/77 MP: 10/12
  8504 | D:8      | Reached ***** piety under Okawaru
  8565 | D:8      | Noticed Prince Ribbit
  8578 | D:8      | Killed Prince Ribbit
  8578 | D:8      | Reached skill level 5 in Dodging
  8647 | D:8      | Found a runed translucent door.
  8649 | D:8      | Found a shimmering altar of Xom.
  8649 | D:8      | Noticed Aske's ghost (novice MiMo)
  8653 | D:8      | Noticed a +1 falchion of chaos
  9646 | D:9      | Received a gift from Okawaru
  9752 | D:9      | Found a staircase to the Lair.
  9866 | D:9      | Received a gift from Okawaru
  9875 | D:9      | Found Acsoeva's Jewellery Shoppe.
  9950 | D:9      | Reached skill level 16 in Slings
 10498 | D:10     | Entered Level 10 of the Dungeon
 10619 | D:10     | Reached XP level 12. HP: 85/85 MP: 14/14
 11078 | D:10     | Received a gift from Okawaru
 11730 | Lair:1   | Entered Level 1 of the Lair of Beasts
 11957 | Lair:1   | Found a runed translucent door.
 12121 | Lair:1   | Received a gift from Okawaru
 12143 | Lair:1   | Reached skill level 17 in Slings
 12370 | Lair:1   | Identified the +4 spear "Ysaloihy" {speed, *Corrode rF+
                  | Int+5}
 12371 | Lair:1   | Noticed slayr's ghost (journeyman MiBe)
 12371 | Lair:1   | Noticed a spriggan rider
 12516 | Lair:1   | Reached skill level 10 in Fighting
 12539 | Lair:1   | Reached skill level 5 in Shields
 12546 | Lair:1   | Received a gift from Okawaru
 12549 | Lair:1   | Got a brightly glowing scale mail {god gift}
 12572 | Lair:1   | Identified the +1 scale mail of the Hanged Man {rElec}
                  | (Okawaru gifted it to you on level 1 of the Lair of Beasts)
 12785 | Lair:1   | Found the +8 whip "Snakebite" {curare, rPois}
 12954 | Lair:1   | You fall through a shaft!
 13188 | Lair:2   | Found a staircase to the Swamp.
 13313 | Lair:2   | Reached XP level 13. HP: 92/93 MP: 15/15
 14502 | Lair:1   | Reached skill level 18 in Slings
 14537 | Lair:1   | HP: 1/93 [slayr's ghost (22)]
 14552 | Lair:1   | Killed slayr's ghost
 14909 | Lair:3   | Noticed a six-headed hydra
 14916 | Lair:3   | Killed a six-headed hydra
 15025 | Lair:3   | Noticed a six-headed hydra
 15083 | Lair:3   | Noticed a four-headed hydra
 15420 | Lair:2   | Killed a four-headed hydra
 15420 | Lair:2   | Received a gift from Okawaru
 15427 | Lair:2   | Killed a six-headed hydra
 16112 | Lair:3   | Found a staircase to the Snake Pit.
 16732 | Lair:4   | Noticed an eight-headed hydra
 16739 | Lair:4   | Killed an eight-headed hydra
 17127 | Lair:4   | Noticed a five-headed hydra
 17157 | Lair:4   | Killed a five-headed hydra
 17157 | Lair:4   | Received a gift from Okawaru
 17157 | Lair:4   | Reached skill level 10 in Armour
 17160 | Lair:4   | Reached XP level 14. HP: 98/101 MP: 17/17
 17164 | Lair:4   | Got a crude rapier {god gift}
 17175 | Lair:4   | Identified the +1 rapier of Conscience {freeze, rF+++ rC+
                  | Str-4} (Okawaru gifted it to you on level 4 of the Lair of
                  | Beasts)
 17443 | Lair:4   | Reached skill level 1 in Throwing
 18145 | Lair:5   | Found a staircase to the Slime Pits.
 18201 | Lair:5   | Reached skill level 19 in Slings
 18295 | Lair:5   | Received a gift from Okawaru
 18371 | Lair:5   | Got a shimmering hunting sling {god gift}
 18418 | Lair:5   | Identified the +4 hunting sling of Fear {freeze, rElec
                  | Str+3} (Okawaru gifted it to you on level 5 of the Lair of
                  | Beasts)
 18439 | Lair:5   | Identified the Reference Book on Poison and Beguiling
 18815 | Lair:6   | Entered Level 6 of the Lair of Beasts
 19255 | Lair:6   | Noticed Rupert
 19255 | Lair:6   | Noticed Sonja
 19280 | Lair:6   | Received a gift from Okawaru
 19321 | Lair:6   | Killed Rupert
 19321 | Lair:6   | Reached skill level 5 in Invocations
 19325 | Lair:6   | Received a gift from Okawaru
 19500 | Lair:6   | Received a gift from Okawaru
 19572 | Lair:6   | Identified a scroll of acquirement
 19575 | Lair:6   | Got a pair of warped gloves
 19594 | Lair:6   | Identified the +0 pair of gloves of Fashionability {*Drain
                  | rElec rPois Regen+} (You acquired it on level 6 of the Lair
                  | of Beasts)
 19602 | Lair:6   | Killed Sonja
 19752 | Lair:6   | Reached XP level 15. HP: 105/108 MP: 16/18
 20315 | Lair:6   | Reached ****** piety under Okawaru
 20315 | Lair:6   | Received a gift from Okawaru
 20325 | Lair:6   | Got an iridescent hunting sling {god gift}
 20326 | Lair:6   | Identified the +1 hunting sling "Opiank" {freeze, *Drain
                  | rPois MR+ Str+6} (Okawaru gifted it to you on level 6 of
                  | the Lair of Beasts)
 20495 | Lair:6   | Reached skill level 20 in Slings
 20943 | Slime:1  | Entered Level 1 of the Pits of Slime
 20943 | Slime:1  | Noticed an acid blob
 20961 | Slime:1  | Splashed by an acid blob's acid

Skill      XL: |  1  2  3  4  5  6  7  8  9 10 11 12 13 14 15 |
---------------+----------------------------------------------+-----
Slings         | 6 7 8 9 10 12 13 15 16 17 18 19 20 | 20.1
Fighting       | 2 3 4 5 8 9 10 11 12 | 12.7
Armour         | 1 2 3 4 6 7 8 10 11 | 11.1
Maces & Flails | 1 2 |  2.3
Shields        | 1 2 3 4 5 7 9 |  9.9
Dodging        | 3 4 5 |  5.9
Stealth        | 2 3 4 |  4.5
Invocations    | 1 2 3 4 5 |  5.2
Throwing       | 1 |  1.2

Action                   |  1- 3 |  4- 6 |  7- 9 | 10-12 | 13-15 || total
-------------------------+-------+-------+-------+-------+-------++-------
Melee: Morningstar       |       |       |    10 |       |       ||    10
       Fustibalus        |       |       |       |     4 |       ||     4
       Whip              |       |       |       |       |    26 ||    26
 Fire: Hunting sling     |    81 |   158 |   319 |   318 |   528 ||  1404
       Fustibalus        |       |       |       |   436 |   422 ||   858
Throw: Throwing net      |       |       |       |     1 |       ||     1
       Stone             |       |       |       |       |    28 ||    28
       Tomahawk          |       |       |       |       |     5 ||     5
Invok: Heroism           |       |       |     7 |    17 |    31 ||    55
       Finesse           |       |       |       |       |     4 ||     4
Evoke: Wand              |       |       |       |       |     2 ||     2
  Use: Scroll            |     1 |     7 |     6 |     6 |    10 ||    30
       Potion            |       |     2 |     5 |       |    10 ||    17
  Eat: Chunk             |       |     5 |     9 |    19 |    18 ||    51
       Ration            |       |       |     1 |       |     1 ||     2
Armor: Leather armour    |     3 |    14 |       |       |       ||    17
       Scale mail        |       |    12 |     3 |       |       ||    15
       Ring mail         |       |       |    19 |     5 |       ||    24
       Skin              |       |       |    11 |       |       ||    11
       Plate armour      |       |       |       |    62 |   220 ||   282
Dodge: Dodged            |     9 |    57 |    74 |   142 |   304 ||   586
Block: Buckler           |     1 |    16 |    36 |   116 |   368 ||   537
       Reflection        |       |       |     1 |     6 |     5 ||    12
